cohdb
Replays
Latest Replays
All Replays
Popular Replays
Top Player Replays
Match Explorer
How It Works
Community
CoH3 Stats
Reddit
Sign in to upload your games and track your stats! →
Sign in with Steam
Match 43030289
Unlisted
Match 43030289
Overview
Messages
Build Orders
End
Selects Heavy Weapons
Engineer Squad
Construct Weapon Support Center
M1919 Machine Gun Team
Engineer Squad
M1919 Machine Gun Team
Selects Assault Carriers
Mechanized Support Center
Bazooka Squad
Bazooka Squad
M3 Assault Carrier
Selects M2HB .50cal Heavy Machine Gun
M1919 Machine Gun Team
Construct Tank Depot
Salvage Crew
Designate Forward Repair Station
M4A1 Sherman Medium Tank
Selects Rapid Reposition
M4A1 Sherman Medium Tank
Construct Medical Station
M4A1 76mm Conversion
Selects Black Dragon Artillery Barrage
M4A1(76) Sherman Medium Tank
Dahlian
Random_Target
Bass
just a chill world leader ♡
Northilink
dkluan92
Vlady the Impaler
Getmeout
0
0
Comments
sign in to comment!
No comments posted yet!